 Dungeon Crawl Stone Soup version 0.30-a0-918-g0ff054e9dc (webtiles) character file.

Game seed: 16358206423511550426

3 themarg the Caller (level 1, 0/13 HPs)
             Began as a Merfolk Summoner on Mar 20, 2023.
             Slain by a kobold
             ... wielding a +0 heavy spear
              (8 damage)
             ... on level 1 of the Dungeon.
             The game lasted 00:00:37 (64 turns).

themarg the Caller (Merfolk Summoner)                 Turns: 64, Time: 00:00:37

Health: 0/13       AC:  2    Str:  8    XL:     1   Next: 50%
Magic:  1/3        EV: 12    Int: 14    God:
Gold:   0          SH:  0    Dex: 14    Spells: 3/4 levels left

rFire   . . .      SeeInvis .    c - +0 dagger
rCold   . . .      Faith    .    (no shield)
rNeg    . . .      Spirit   .    a - +0 robe
rPois   .          Reflect  .    (no helmet)
rElec   .          Rampage  .    (no cloak)
rCorr   .                        (no gloves)
Will    .....                    (no boots)
Stlth   ++                       (no amulet)
HPRegen 0.22/turn                (no ring)
MPRegen 0.08/turn                (no ring)

@: no status effects
A: (nimble swimmer 2), mertail
a: no special abilities


You were on level 1 of the Dungeon.
You visited 1 branch of the dungeon, and saw 1 of its levels.

Inventory:

Hand Weapons
 c - a +0 dagger (weapon)
Armour
 a - a +0 robe (worn)
Potions
 b - a potion of magic


   Skills:
 - Level 2.6 Dodging
 + Level 2.4 Stealth
 - Level 2.0 Spellcasting
 + Level 4.1 Summonings


You had 3 spell levels left.
You knew the following spells:

 Your Spells              Type           Power      Damage    Failure   Level
a - Summon Small Mammal   Summ           48%        N/A       4%          1

Your spell library contained the following spells:

 Spells                   Type           Power      Damage    Failure   Level
 Call Imp                 Summ           12%        N/A       7%          2
 Call Canine Familiar     Summ           12%        N/A       13%         3
 Summon Guardian Golem    Hex/Summ       7%         N/A       30%         3
 Summon Lightning Spire   Summ/Air       7%         N/A       71%         4


Dungeon Overview and Level Annotations

Branches:
Dungeon (1/15)

Altars:


Innate Abilities, Weirdness & Mutations

((You are very nimble when in or above water. (Stealth+, EV+, Speed+++)))
Your lower body shifts to a powerful aquatic tail in water.


Message History

The hobgoblin hits you but does no damage.
You hit the hobgoblin.
You kill the hobgoblin!
Magic restored.
Your quokka disappears in a puff of smoke!
Your bat disappears in a puff of smoke!
A kobold comes into view. It is wielding a +0 heavy spear.
Your bat hits the kobold.
Your bat completely misses the kobold.
Your bat closely misses the kobold.
Your bat misses the kobold.
Your bat closely misses the kobold.
The kobold hits you with a +0 heavy spear.
Your bat barely misses the kobold.
Your rat barely misses the kobold.
You hit the kobold but do no damage.
The kobold is moderately wounded.
Your bat closely misses the kobold.
Your bat barely misses the kobold.
The kobold misses you.
Your rat bites the kobold.
You hit the kobold but do no damage.
The kobold is heavily wounded.
Your bat hits the kobold but does no damage.
Your rat misses the kobold. You barely miss the kobold.
The kobold is heavily wounded.
Your bat closely misses the kobold.
The kobold hits you with a +0 heavy spear.
Your rat bites the kobold but does no damage.
You hit the kobold but do no damage.
The kobold is heavily wounded.
Your bat hits the kobold but does no damage.
Your rat misses the kobold.
The kobold hits your bat with a +0 heavy spear.
Your bat dies!
Your bat's corpse disappears in a puff of smoke!
The kobold shouts!
Your rat bites the kobold but does no damage.
You closely miss the kobold.
The kobold is heavily wounded.
The kobold hits you with a +0 heavy spear!
Ouch! That really hurt!
You die...

#.##...#####. ......
#............##......
............$.......#
.........##........ #.
.......##....... # ...
#..........?.# ..
...##............##...
......................
.......§@.............
#......K.>.........##
##......rr.<).....†.#
......................
......................
...##$...........##...
... #.........[..# ...
# .......##....... .#
.........##.......


You could see a kobold (ally target), a friendly quokka (summoned) and a
friendly rat (summoned).

Vanquished Creatures
  A hobgoblin (D:1)
1 creature vanquished.

Vanquished Creatures (collateral kills)
  A hobgoblin (D:1)
  A goblin (D:1)
2 creatures vanquished.

Grand Total: 3 creatures vanquished

Notes
Turn   | Place    | Note
-------+----------+-------------------------------------------
     0 | D:1      | themarg the Merfolk Summoner began the quest for the Orb.
     0 | D:1      | Reached XP level 1. HP: 13/13 MP: 3/3
    64 | D:1      | Slain by a kobold

Illustrated notes

Levels and vault maps discovered:
D:1:      dpeg_arrival_stonehenge_8_columns, layout_basic, minmay_liquid_box,
          hex_intersection

Action                     || total
---------------------------++-------
  Melee: Dagger            ||     7
         Unarmed           ||     1
   Cast: Summon Small Mamm ||     5
 Armour: Robe              ||     2
  Dodge: Dodged            ||     2

Table legend: (Time is in decaauts)
 A = Elapsed time spent in this place.
 B = Non-inter-level travel time spent in this place.
 C = Inter-level travel time spent in this place.
 D = Time resting spent in this place.
 E = Time spent auto-exploring this place.
 F = Levels seen in this place.
 G = Mean time per level.
                   A        B        C        D        E       F      G
               +--------+--------+--------+--------+--------+-----+--------+
         Total |     63 |     63 |      0 |      0 |     24 |   1 |   63.0 |
       Dungeon |     63 |     63 |      0 |      0 |     24 |   1 |   63.0 |
               +--------+--------+--------+--------+--------+-----+--------+

Top non-repeatable levels by time:
     D:1: 63 daAuts
